 Dungeon Crawl Stone Soup version 0.18.1-8-gdd0e5ea (webtiles) character file.

165 nikopol the Poker (level 5, -6/70 HPs)
             Began as a Minotaur Berserker on June 11, 2016.
             Was a Believer of Trog.
             Mangled by Crazy Yiuf
             ... wielding a +4 quarterstaff of chaos
              (7 damage)
             ... on level 3 of the Dungeon.
             The game lasted 00:03:52 (2010 turns).

nikopol the Poker (Minotaur Berserker)              Turns: 2010, Time: 00:03:52

Health: -6/70      AC:  3    Str: 26    XL:     5   Next: 21%
Magic:  4/4        EV: 13    Int:  4    God:    Trog [**....]
Gold:   85         SH:  0    Dex: 11    Spells: 0 memorised, 4 levels left

rFire  . . .     SeeInvis +     a - +0 spear
rCold  . . .     Gourm    .     j - +0 leather armour
rNeg   . . .     Faith    .     (no shield)
rPois  .         Spirit   .     (helmet restricted)
rElec  .         Dismiss  .     (no cloak)
rCorr  .         Reflect  .     (no gloves)
SustAt +         Harm     .     (no boots)
MR     .....                    p - amulet of magic regeneration
Stlth  ..........               s - ring of sustain attributes
                                h - ring of see invisible

@: berserking, very quick, not resistant to hostile enchantments, extremely
unstealthy
A: retaliatory headbutt, horns 2
a: Berserk, Trog's Hand, Burn Spellbooks, Renounce Religion


You were on level 3 of the Dungeon.
You worshipped Trog.
Trog was pleased with you.
You were not hungry.

You visited 1 branch of the dungeon, and saw 3 of its levels.

You collected 85 gold pieces.

Inventory:

Hand Weapons
 a - a +0 spear (weapon)
Missiles
 t - 42 arrows
Armour
 b - a +0 animal skin
 j - a +0 leather armour (worn)
Jewellery
 h - a ring of see invisible (left hand)
 p - an amulet of magic regeneration (around neck)
 s - a ring of sustain attributes (right hand)
 C - an uncursed ring of positive energy {unknown}
Wands
 v - a wand of iceblast (10/15)
Scrolls
 e - 3 scrolls of fear {unknown}
 i - a scroll of blinking {unknown}
 k - a scroll of random uselessness {unknown}
 l - 4 scrolls of recharging {unknown}
 o - a scroll of amnesia {unknown}
 r - 3 scrolls of teleportation {unknown}
 u - 3 scrolls of identify {unknown}
 y - 4 scrolls of remove curse {unknown}
 A - a scroll of immolation {unknown}
Potions
 d - 2 potions of haste {unknown}
 m - a potion of might {unknown}
 n - a potion of ambrosia {unknown}
 q - a potion of lignification {unknown}
 w - a potion of brilliance {unknown}
 z - a potion of heal wounds {unknown}
Comestibles
 c - 2 bread rations
 f - 2 beef jerkies
 g - a royal jelly
 x - a meat ration
 B - a chunk of flesh
 D - 3 fruits


   Skills:
 + Level 4.6 Fighting
 + Level 4.8 Polearms
 + Level 3.7 Armour
 + Level 3.6 Dodging


You had 4 spell levels left.
You didn't know any spells.

Dungeon Overview and Level Annotations

Branches:
Dungeon (3/15)

Altars:
Sif Muna
Yredelemnul

Annotations:
D:3 Crazy Yiuf


Innate Abilities, Weirdness & Mutations

You reflexively headbutt those who attack you in melee.
You have a pair of horns on your head.


Message History

Crazy Yiuf hits you with a quarterstaff of chaos!
Crazy Yiuf burns you.
There is an open door, spattered with blood here.
You hit Crazy Yiuf.
Crazy Yiuf is lightly wounded.
You completely miss Crazy Yiuf. You headbutt Crazy Yiuf.
Crazy Yiuf is lightly wounded.
Crazy Yiuf cries, "Nubble!"
Crazy Yiuf hits you with a quarterstaff of chaos!
You hit Crazy Yiuf.
Crazy Yiuf is moderately wounded.
Crazy Yiuf hits you with a quarterstaff of chaos!
You are electrocuted!
* * * LOW HITPOINT WARNING * * *
You are too injured to fight recklessly!
A red film seems to cover your vision as you go berserk!
You feel yourself moving faster!
You feel mighty!
You feel somewhat more hungry.
Crazy Yiuf hits you with a quarterstaff of chaos!
You die...

#.#..#
#....#
#...........
#....#
#.#..#.##.#.
#)..##
#.#..#.##.#.
##)##
#.#...).....
#)##
#.#.........
##)#
#.##.#.##.#.
#)##
#.##.#.##.#.
##)#
#.##.#.##.#.
#@#
#.##.#.##.#.
#)g)#
#.##.#.##.#.
#)))#
#......##.#.
#).)#
####.####.#.
#####
####.####.#.
#...........
####.######.
### #. #.


You could see Crazy Yiuf.

Vanquished Creatures
  2 orc priests (D:3)
  Ijyb (D:2)
  3 adders
  2 dart slugs (D:1)
  2 giant geckos
  2 orcs (D:3)
  7 bats
  A giant cockroach (D:3)
  7 goblins
  6 hobgoblins
  6 kobolds
  A quokka (D:2)
  4 giant newts
  6 rats
50 creatures vanquished.

Notes
Turn   | Place    | Note
--------------------------------------------------------------
     0 | D:1      | nikopol the Minotaur Berserker began the quest for the Orb.
     0 | D:1      | Reached XP level 1. HP: 19/19 MP: 0/0
   306 | D:1      | Reached XP level 2. HP: 27/27 MP: 1/1
   720 | D:2      | Reached ** piety under Trog
   758 | D:2      | Reached XP level 3. HP: 33/33 MP: 2/2
   864 | D:2      | Found a deep blue altar of Sif Muna.
   894 | D:2      | Found a basalt altar of Yredelemnul.
  1044 | D:2      | Noticed Ijyb
  1056 | D:2      | Killed Ijyb
  1083 | D:2      | Reached XP level 4. HP: 32/40 MP: 3/3
  1282 | D:3      | Reached XP level 5. HP: 16/47 MP: 4/4
  2005 | D:3      | Noticed Crazy Yiuf
  2009 | D:3      | HP: 1/47 [Crazy Yiuf/quarterstaff of chaos (20)]
  2010 | D:3      | Mangled by Crazy Yiuf

Skill      XL: |  1  2  3 |
---------------+----------+-----
Polearms       | 4 |  4.8
Armour         | 3 |  3.7
Fighting       | 4 |  4.6
Dodging        | 3 |  3.6

Action                   |  1- 3 |  4- 6 || total
-------------------------+-------+-------++-------
Melee: Spear             |    78 |    55 ||   133
       Headbutt          |    11 |     6 ||    17
Invok: Berserk           |     1 |     2 ||     3
  Eat: Chunk             |     1 |     5 ||     6
Armor: Animal skin       |     5 |       ||     5
       Leather armour    |     5 |     2 ||     7
Dodge: Dodged            |    37 |    19 ||    56
